 Dungeon Crawl Stone Soup version 0.31-a0-1343-gcd514f47d3 (webtiles) character file.

Game seed: 9510421807462958890

243800 Amplified the Warrior (level 19, 0/271 HPs)
             Began as a Minotaur Alchemist on Dec 22, 2023.
             Was a Believer of the Shining One.
             Slain by a dire elephant (5 damage)
             ... on level 3 of the Vaults.
             The game lasted 01:27:18 (47685 turns).

Amplified the Warrior (Minotaur Alchemist)         Turns: 47685, Time: 01:27:19

Health: 0/271      AC: 36    Str: 20    XL:     19   Next: 13%
Magic:  26/29      EV:  2    Int: 18    God:    the Shining One [**....]
Gold:   983        SH: 26    Dex:  7    Spells: 18/20 levels left

rFire   + . .        b - +2 eveningstar (protect)
rCold   + + .        x - +1 kite shield of the Bagpipe {rC++}
rNeg    + . .        N - melded +2 ring mail of the Gloaming {rF+ Regen+}
rPois   +            d - melded -2 hat of the Alchemist {rElec rPois rF+ rC+ rN+ Will+ rMut rCorr}
rElec   .            m - melded +2 cloak {rPois}
rCorr   +            C - melded +1 pair of gloves {Dex+3}
SInv    .            l - melded +0 pair of boots {Stlth+}
Will    ++...        i - amulet of regeneration
Stlth   +            j - ring of Monotheism {rF+ rCorr Int+6 Dex-5 Slay+2}
HPRegen 1.45/turn    Q - ring of willpower
MPRegen 0.21/turn

%: no passive effects
@: divinely shielded, tree-form, under a protective aura, glowing
A: stationary, stasis, torment immunity, boosted hp, (horns 2), (retaliatory
headbutt)
}: 1/15 runes: serpentine
a: Renounce Religion, Divine Shield


You were on level 3 of the Vaults.
You worshipped the Shining One.
The Shining One was pleased with you.
You were a tree.
You visited 7 branches of the dungeon, and saw 36 of its levels.
You also visited: Trove and Ossuary.

You collected 4029 gold pieces.
You spent 3046 gold pieces at shops.

Inventory:

Hand Weapons
 b - a +2 eveningstar of protection (weapon)
 K - a +0 broad axe
Missiles
 c - 3 silver javelins
 p - 3 throwing nets
 r - 2 curare-tipped darts
Armour
 d - the -2 hat of the Alchemist (melded) {rElec rPois rF+ rC+ rN+ Will+ rMut rCorr}
   (You found it on level 14 of the Dungeon)

   rF+:       It protects you from fire.
   rC+:       It protects you from cold.
   rElec:     It insulates you from electricity.
   rPois:     It protects you from poison rN+: It protects you from negative
   energy.
   Will+:     It increases your willpower.
   rCorr:     It protects you from acid and corrosion.
   rMut:      It protects you from mutation.
 h - a +0 tower shield
 l - a +0 pair of boots of stealth (melded)
 m - a +2 cloak of poison resistance (melded)
 x - the +1 kite shield of the Bagpipe (worn) {rC++}
   (You acquired it on level 3 of the Shoals)

   rC++:      It greatly protects you from cold.
 C - a +1 pair of gloves of dexterity (melded)
 N - the +2 ring mail of the Gloaming (melded) {rF+ Regen+}
   (You bought it in a shop on level 3 of the Snake Pit)

   rF+:       It protects you from fire.
   Regen+:    It increases your rate of health regeneration.
Jewellery
 i - an amulet of regeneration (around neck)
 j - the ring of Monotheism (left branch) {rF+ rCorr Int+6 Dex-5 Slay+2}
   (You bought it in a shop on level 2 of the Snake Pit)

   [ring of intelligence]

   Int+6:     It affects your intelligence (+6).
   Dex-5:     It affects your dexterity (-5).
   Slay+2:    It affects your accuracy & damage with ranged weapons and melee
   (+2).
   rF+:       It protects you from fire.
   rCorr:     It protects you from acid and corrosion.
 u - a ring of wizardry
 M - a ring of positive energy
 O - a ring of flight
 Q - a ring of willpower (right branch)
Talismans
 o - the serpent talisman "Sosideot" {rElec rF+ rCorr MP+9}
   (You took it off Aizul on level 3 of the Snake Pit)

   [serpent talisman]

   rF+:       It protects you from fire.
   rElec:     It insulates you from electricity.
   MP+9:      It affects your magic capacity (+9).
   rCorr:     It protects you from acid and corrosion.
Wands
 a - a wand of flame (7)
 k - a wand of polymorph (3)
 n - a wand of roots (12)
 z - a wand of paralysis (6)
 A - a wand of digging (8)
Scrolls
 e - a scroll of fog
 g - 19 scrolls of identify
 s - 4 scrolls of brand weapon
 v - 6 scrolls of noise
 B - 7 scrolls of immolation
 G - 4 scrolls of poison
 P - 4 scrolls of amnesia
 S - 2 scrolls of butterflies
 T - a scroll of vulnerability
Potions
 f - 4 potions of brilliance
 q - 2 potions of ambrosia
 t - a potion of cancellation
 w - 7 potions of attraction
 F - 2 potions of lignification
 J - 4 potions of mutation
 L - 2 potions of resistance


   Skills:
 - Level 18.8 Fighting
 - Level 16.0 Maces & Flails
 - Level 13.2 Throwing
 - Level 15.7 Armour
 - Level 12.0 Dodging
 - Level 1.5 Stealth
 * Level 18.1 Shields
 - Level 1.3 Spellcasting
 - Level 0.6 Conjurations
 - Level 2.1 Alchemy
 - Level 15.7 Invocations


You had 18 spell levels left.
You knew the following spells:

 Your Spells              Type           Power      Damage    Failure   Level
b - Mercury Vapours       Alch/Air       10%        N/A       26%         2

Your spell library contained the following spells:

 Spells                   Type           Power      Damage    Failure   Level
 Sting                    Conj/Alch      24%        1d4       16%         1
 Shock                    Conj/Air       8%         1d3       24%         1
 Apportation              Tloc           2%         N/A       26%         1
 Sandblast                Erth           2%         2d4       26%         1
 Passwall                 Alch/Erth      4%         N/A       26%         2
 Ensorcelled Hibernation  Hex/Ice        2%         N/A       36%         2
 Jinxbite                 Hex            2%         N/A       36%         2
 Mephitic Cloud           Conj/Alch/Air  4%         N/A       47%         3
 Stone Arrow              Conj/Erth      4%         3d7       56%         3
 Fugue of the Fallen      Necr           1%         N/A       61%         3
 Gell's Gravitas          Tloc           1%         N/A       61%         3
 Swiftness                Air            1%         N/A       61%         3
 Teleport Other           Tloc           1%         N/A       61%         3
 Olgreb's Toxic Radiance  Alch           9%         N/A       71%         4
 Sticky Flame             Fire/Alch      5%         2d4       86%         4
 Brom's Barrelling Bould  Conj/Erth      2%         2d3       93%         4
 Airstrike                Air            0%         2d(1-17)  95%         4
 Animate Armour           Summ/Erth      2%         N/A       95%         4
 Cause Fear               Hex            0%         N/A       95%         4
 Passage of Golubria      Tloc           1%         N/A       95%         4
 Alistair's Intoxication  Alch           6%         N/A       96%         5
 Iskenderun's Battlesphe  Conj           3%         2d6       99%         5
 Borgnjor's Vile Clutch   Necr/Erth      0%         N/A       100%        5
 Fireball                 Conj/Fire      1%         3d3       100%        5
 Silence                  Hex/Air        0%         N/A       100%        5
 Summon Mana Viper        Hex/Summ       1%         N/A       100%        5
 Conjure Ball Lightning   Conj/Air       1%         3x3d6     100%        6
 Death Channel            Necr           0%         N/A       100%        6
 Dispersal                Tloc           0%         N/A       100%        6
 Eringya's Noxious Bog    Alch           4%         4d6       100%        6
 Orb of Destruction       Conj           1%         9d5       100%        7
 Summon Hydra             Summ           0%         N/A       100%        7
 Discord                  Hex            0%         N/A       100%        8
 Infestation              Necr           0%         N/A       100%        8
 Lehudib's Crystal Spear  Conj/Erth      1%         10d2      100%        8
 Dragon's Call            Summ           0%         N/A       100%        9


Dungeon Overview and Level Annotations

Branches:
Dungeon (15/15)            Temple (0/1) D:4            Lair (5/5) D:11
 Shoals (4/4) Lair:2        Snake (4/4) Lair:3        Slime (0/5) Lair:5
    Orc (2/2) D:9             Elf (3/3) Orc:2        Vaults (3/5) D:14
  Crypt (0/3) Vaults:2     Depths (0/4) D:15        Ossuary (visited)

Altars:
Gozag
Trog
Vehumet
Wu Jian
Xom
The Shining One
Jiyva

Shops:
D:1 *   D:4 *??(   Orc:2 [!**   Snake:2 ==:   Snake:3 [   Vaults:3 ([

Annotations:
D:15 Rupert
Shoals:4 Mara
Snake:1 Snake:3, Elf:1 danger. Proceed cautious
Shoals:1
Snake:2 1 runed translucent door, Inetu's ghost, adept SpEn
Elf:2 3 runed translucent doors


Innate Abilities, Weirdness & Mutations

You are a tree.
Your roots penetrate the ground, keeping you stationary.
You cannot be teleported.
You are immune to unholy pain and torment.
Your maximum health is greatly increased.
Your equipment is partially melded.
((You have a pair of horns on your head.))
((You reflexively headbutt those who attack you in melee.))


Message History

Unknown command.
Unknown command.
You hit the orc warlord but do no damage.
The orc warlord is almost dead.
You block the dire elephant's attack.
The dire elephant trunk-slaps you but does no damage.
The vault sentinel blows a loud note on a signal horn!
The peacekeeper bites you but does no damage.
The peacekeeper claws you but does no damage.
The orc warlord hits you with a +0 long sword.
* * * LOW HITPOINT WARNING * * *
You hear a shout!
Unknown command.
You hit the peacekeeper.
The peacekeeper is lightly damaged.
The ice encasing you melts away. You block the peacekeeper's attack.
The peacekeeper claws you but does no damage.
You block the dire elephant's attack. x2
Unknown command.
Unknown command.
You impale the orc warlord!!
You kill the orc warlord!
The peacekeeper bites you but does no damage.
The peacekeeper claws you but does no damage.
You block the dire elephant's attack. x2
Unknown command.
Unknown command.
Unknown command.
Okay, then.
Okay, then.
Unknown command.
Okay, then.
Okay, then.
Your divine shield is renewed.
You block the peacekeeper's attack. x2
The peacekeeper bites you but does no damage.
You block the peacekeeper's attack.
The dire elephant tramples you but does no damage.
The dire elephant trunk-slaps you.
You die...

).††..# .....## ... .....#
...##+#### ≈≈...## ..........
≈≈....# ....J.... ≈≈....#
.......p. ≈≈...## ......pp#
#### .....# ......9p# ....
.....## #♣# ..... .. ......#
#Y# ..... .# .###..+
#Y#...... ..# #######
#u#p..... ..# #.....#
#TT...... ...# #.....#
#.########...+ #.....#
#............# #.....#
#.'''....[...#
#.....##########.+∩'....)...#


You could see 2 dire elephants, an ironbound preserver, a green ugly thing, a
slime creature, an ironbound frostheart, 2 deep trolls, a vault sentinel, a
peacekeeper and an arcanist (fast, sheltered).

Vanquished Creatures
  Saint Roka (Snake:2)
  Bai Suzhen (Snake:4)
  Vashnia (Snake:3)
  Jorgrun (D:14)
  Frances (Elf:1)
  Polyphemus (Shoals:2)
  Agnes (D:15)
  Kirke (Shoals:2)
  Ilsuiw (Shoals:2)
  Donald (Vaults:1)
  Aizul (Snake:3)
  7 nagarajas
  2 vault wardens (Vaults:1)
  Louise (D:15)
  2 ironbound preservers
  An orc warlord (Vaults:3)
  3 ironbound thunderhulks
  Nessos (D:12)
  13 dire elephants
  3 merfolk javelineers
  A yaktaur captain (Vaults:3)
  A fire dragon (Lair:5)
  A deep elf high priest (Elf:1)
  Fannar (Orc:1)
  2 entropy weavers
  Josephine (D:15)
  7 merfolk impalers
  A great orb of eyes (Vaults:1)
  3 salamander tyrants
  2 catoblepae
  Erolcha (Orc:2)
  10 anacondas
  Erica (D:10)
  4 hydras
  An alligator snapping turtle (Shoals:3)
  6 boulder beetles
  5 ironbound frosthearts
  8 centaur warriors
  A merfolk aquamancer (Shoals:3)
  12 naga warriors
  13 death yaks
  A hell hog (Lair:5)
  10 dancing weapons
  3 satyrs
  8 shock serpents
  14 naga sharpshooters
  A deep troll earth mage (D:15)
  An orc high priest (Orc:1)
  The ghost of leebro123 the Ruffian, a novice TrSh (D:7)
  Nergalle (D:12)
  3 deep elf knights (Elf:2)
  3 skysharks
  5 skeletal warriors (D:14)
  10 salamander mystics
  A deep troll (Vaults:3)
  5 lindwurms (Vaults:1)
  6 sea snakes (Shoals:3)
  5 naga ritualists
  2 arcanists
  7 harpies
  A swamp dragon (Lair:5)
  5 deep elf archers
  Pikel (D:4)
  4 ironbound convokers
  2 cherubim (Elf:1)
  8 orc knights
  14 deep elf zephyrmancers
  7 manticores
  17 ugly things
  An oklob plant (Shoals:3)
  14 deep elf pyromancers
  8 orc sorcerers
  3 mana vipers (Snake:1)
  14 fauns
  23 salamanders
  9 cyclopes
  4 merfolk sirens
  3 guardian serpents
  4 water nymphs
  23 naga magi
  29 black mambas
  3 elephants (Lair:4)
  8 vault sentinels
  3 molten gargoyles
  2 gargoyles
  8 cane toads
  16 komodo dragons
  An anaconda simulacrum (Snake:3)
  A freezing wraith (D:12)
  7 rime drakes
  An efreet (D:14)
  A kobold demonologist (D:12)
  A yaktaur (Vaults:1)
  2 trolls
  6 meliai
  An unseen horror skeleton (D:7)
  2 hornets
  22 merfolk
  12 polar bears
  2 wind drakes (Shoals:2)
  2 alligator simulacra (Snake:3)
  15 blink frogs
  2 snapping turtles (Shoals:3)
  3 raiju (Lair:5)
  6 slime creatures
  A dream sheep (Shoals:4)
  A culicivora (Vaults:3)
  A spriggan (Lair:2)
  7 wraiths
  An air elemental (Elf:2)
  A vampire (D:12)
  5 wyverns
  2 dire elephant simulacra (Snake:3)
  4 hogs
  3 water elementals
  A shadow (D:11)
  50 yaks
  4 basilisks
  4 steam dragons
  A minotaur simulacrum (Snake:3)
  20 wargs
  2 redbacks (Vaults:3)
  7 vampire mosquitoes
  Menkaure (D:6)
  A harpy simulacrum (Snake:3)
  3 acid dragons
  30 nagas
  12 hell hounds (Lair:5)
  10 water moccasins
  37 orc warriors
  2 hornet zombies (Ossuary)
  2 swamp drakes (Lair:5)
  2 ice beasts
  14 black bears
  21 wolves
  4 boggarts (Vaults:1)
  5 ogres
  11 centaurs
  A phantom (D:6)
  A lemure (D:4)
  2 kobold brigands (D:9)
  15 bullfrogs
  3 gnoll sergeants
  3 earth elementals (Elf:2)
  A deep troll simulacrum (Snake:3)
  4 scorpions
  3 wyvern zombies (Ossuary)
  2 water moccasin zombies (Ossuary)
  A hornet simulacrum (D:14)
  8 jellies
  21 killer bees
  6 howler monkeys
  2 vampire bats (Lair:3)
  4 electric eels
  5 lava snakes (Lair:4)
  6 bullfrog zombies (Ossuary)
  6 centaur zombies (Ossuary)
  11 hounds
  17 orc priests
  A gnoll bouda (D:7)
  Jessica (D:2)
  5 iguanas
  A sleepcap (D:5)
  Natasha (thrice) (D:2)
  32 orc wizards
  A killer bee zombie (Ossuary)
  A centaur simulacrum (D:7)
  14 mummies
  A howler monkey skeleton (D:7)
  A howler monkey zombie (Ossuary)
  23 gnolls
  4 adders
  2 bombardier beetles
  A white imp (D:5)
  A howler monkey simulacrum (D:7)
  An ufetubus (D:5)
  2 worms
  5 dart slugs
  118 orcs
  11 endoplasms
  3 giant cockroaches
  5 goblins
  15 hobgoblins
  2 jackals (D:2)
  A quokka (D:1)
  4 ball pythons
  8 bats
  5 frilled lizards
  2 goblin zombies (D:5)
  20 kobolds
  4 rats
1224 creatures vanquished.

Vanquished Creatures (others)
  A harpy (Shoals:3)
  A naga (Snake:1)
2 creatures vanquished.

Grand Total: 1226 creatures vanquished

Notes
Turn   | Place    | Note
-------+----------+-------------------------------------------
     0 | D:1      | Amplified the Minotaur Alchemist began the quest for the
                  | Orb.
     0 | D:1      | Reached XP level 1. HP: 14/14 MP: 1/1
   160 | D:1      | Reached skill level 1 in Fighting
   167 | D:1      | Reached skill level 1 in Maces & Flails
   231 | D:1      | Reached XP level 2. HP: 23/23 MP: 3/3
   306 | D:1      | Found Bogoqecwe's General Store.
   724 | D:2      | Noticed Jessica
   740 | D:2      | Killed Jessica
   741 | D:2      | Reached XP level 3. HP: 16/30 MP: 1/4
   893 | D:2      | Learned a level 2 spell: Mercury Vapours
  1244 | D:2      | Found a faded altar of an unknown god.
  1349 | D:2      | Reached XP level 4. HP: 30/38 MP: 5/5
  1576 | D:2      | Noticed Natasha
  1578 | D:2      | Killed Natasha
  1665 | D:2      | Noticed Natasha
  1680 | D:2      | Killed Natasha
  1736 | D:2      | Prayed at the altar of an unknown god.
  1736 | D:2      | Became a worshipper of the Shining One
  1736 | D:2      | Reached * piety under the Shining One
  2029 | D:2      | Noticed Natasha
  2038 | D:2      | Killed Natasha
  2039 | D:2      | Reached XP level 5. HP: 40/46 MP: 6/6
  2251 | D:3      | Reached skill level 1 in Invocations
  2435 | D:3      | Reached XP level 6. HP: 50/53 MP: 7/7
  3109 | D:4      | Noticed Pikel
  3124 | D:4      | Killed Pikel
  3125 | D:4      | Reached skill level 5 in Maces & Flails
  3125 | D:4      | Reached XP level 7. HP: 39/63 MP: 5/8
  3280 | D:4      | Found a staircase to the Ecumenical Temple.
  3470 | D:4      | Found Uddaod's Magic Scroll Boutique.
  3477 | D:4      | Bought 2 scrolls of fear for 96 gold pieces
  3477 | D:4      | Bought a scroll of noise for 12 gold pieces
  3697 | D:4      | Reached skill level 1 in Shields
  3723 | D:4      | Found Aplig's Antique Weapon Shoppe.
  3915 | D:4      | Found Peony's General Store.
  4079 | D:4      | Reached XP level 8. HP: 62/71 MP: 10/10
  4141 | D:4      | Found Jalaef's Magic Scroll Shoppe.
  4145 | D:4      | Bought a scroll of teleportation for 36 gold pieces
  4225 | D:5      | Entered Level 5 of the Dungeon
  4359 | D:5      | Found an ornate altar of the Wu Jian Council.
  4484 | D:5      | Reached ** piety under the Shining One
  4551 | D:5      | Found a sand-covered staircase.
  4559 | Ossuary  | Entered an ossuary
  4585 | Ossuary  | Reached *** piety under the Shining One
  4614 | Ossuary  | Reached skill level 5 in Invocations
  4653 | Ossuary  | Reached **** piety under the Shining One
  4787 | Ossuary  | Reached XP level 9. HP: 80/81 MP: 12/12
  4814 | Ossuary  | Reached ***** piety under the Shining One
  4821 | Ossuary  | Reached skill level 5 in Shields
  6422 | D:6      | Noticed Menkaure
  6430 | D:6      | Killed Menkaure
  6806 | D:7      | Found a runed translucent gate.
  6806 | D:7      | Found a runed translucent gate.
  6808 | D:7      | Found a runed translucent gate.
  6811 | D:7      | Noticed leebro123's ghost (novice TrSh)
  7012 | D:7      | Reached XP level 10. HP: 87/91 MP: 14/14
  7016 | D:7      | Reached skill level 1 in Armour
  8118 | D:8      | Reached skill level 10 in Maces & Flails
  8162 | D:8      | Reached skill level 10 in Fighting
  8919 | D:9      | Found a staircase to the Orcish Mines.
  9036 | D:9      | Reached skill level 5 in Armour
  9108 | D:10     | Entered Level 10 of the Dungeon
  9110 | D:10     | Noticed Erica
  9124 | D:10     | Killed Erica
  9320 | D:10     | Reached XP level 11. HP: 93/101 MP: 16/16
  9475 | D:10     | Found the amulet of Elemental Vulnerability {rPois rF--
                  | rC-- AC+8}
 10462 | D:11     | Noticed a white ugly thing
 10481 | D:11     | Killed a white ugly thing
 10725 | D:11     | Found a staircase to the Lair.
 11115 | Lair:1   | Entered Level 1 of the Lair of Beasts
 12222 | D:4      | Bought a scroll of identify for 24 gold pieces
 12222 | D:4      | Bought a scroll of identify for 24 gold pieces
 12222 | D:4      | Bought a scroll of identify for 24 gold pieces
 12222 | D:4      | Bought a scroll of identify for 24 gold pieces
 12292 | D:4      | Bought a scroll of identify for 24 gold pieces
 12292 | D:4      | Bought a scroll of identify for 24 gold pieces
 12292 | D:4      | Bought a scroll of identify for 24 gold pieces
 12292 | D:4      | Bought a scroll of fog for 48 gold pieces
 12395 | D:1      | Bought a scroll of identify for 24 gold pieces
 12396 | D:1      | Bought a scroll of revelation for 90 gold pieces
 13094 | Lair:2   | Noticed a boulder beetle
 13114 | Lair:2   | Killed a boulder beetle
 13159 | Lair:2   | Found a staircase to the Shoals.
 13523 | Lair:2   | Reached XP level 12. HP: 101/112 MP: 18/18
 13756 | Lair:2   | Noticed an eight-headed hydra
 13810 | Lair:2   | Reached skill level 10 in Invocations
 13939 | Lair:2   | Reached ****** piety under the Shining One
 14209 | Lair:2   | Killed an eight-headed hydra
 14235 | Lair:2   | Noticed a seven-headed hydra
 14410 | Lair:3   | Noticed a six-headed hydra
 15546 | Lair:4   | Noticed a death yak
 15546 | Lair:4   | Noticed a death yak
 15546 | Lair:4   | Noticed a death yak
 15547 | Lair:4   | Noticed a death yak
 15557 | Lair:5   | Entered Level 5 of the Lair of Beasts
 15742 | Lair:5   | Reached skill level 1 in Throwing
 15793 | Lair:5   | Reached skill level 10 in Armour
 16258 | Lair:5   | Noticed a catoblepas
 16266 | Lair:5   | Killed a catoblepas
 16413 | Lair:5   | Found a staircase to the Slime Pits.
 16414 | Lair:5   | Found a viscous altar of Jiyva.
 16890 | Lair:4   | Reached XP level 13. HP: 97/122 MP: 16/20
 18288 | Lair:5   | Noticed a fire dragon
 18308 | Lair:5   | Reached skill level 5 in Throwing
 18352 | Lair:5   | Killed a fire dragon
 18873 | Lair:5   | Reached skill level 5 in Dodging
 19681 | Lair:5   | Identified the +7 hand axe of Qimoz {freeze, rF+ Will++
                  | SInv}
 20458 | Lair:3   | Reached XP level 14. HP: 104/133 MP: 19/22
 20887 | Lair:3   | Found a staircase to the Snake Pit.
 20984 | Lair:3   | Reached skill level 15 in Fighting
 22122 | Orc:1    | Entered Level 1 of the Orcish Mines
 22585 | Orc:1    | Noticed Fannar
 22601 | Orc:1    | Killed Fannar
 22992 | Orc:2    | Entered Level 2 of the Orcish Mines
 23190 | Orc:2    | Noticed Erolcha
 23215 | Orc:2    | Killed Erolcha
 24393 | Orc:2    | Found Feudin's CLEARANCE SALE!.
 24456 | Orc:2    | Reached skill level 10 in Throwing
 24518 | Orc:2    | Found Qegexeg's Distillery.
 24752 | Orc:2    | Found Vasty's Assorted Antiques.
 24799 | Orc:2    | Found Ding's Armour Shoppe.
 24842 | Orc:2    | Found a staircase to the Elven Halls.
 24919 | Orc:2    | Bought a +1 cloak of poison resistance for 216 gold pieces
 24958 | Orc:2    | Bought a scroll of teleportation for 108 gold pieces
 24958 | Orc:2    | Bought a potion of curing for 108 gold pieces
 24974 | Orc:2    | Bought a potion of heal wounds for 70 gold pieces
 24974 | Orc:2    | Bought a potion of curing for 42 gold pieces
 24974 | Orc:2    | Bought a potion of curing for 42 gold pieces
 24974 | Orc:2    | Bought a potion of curing for 42 gold pieces
 24974 | Orc:2    | Bought a potion of resistance for 140 gold pieces
 24974 | Orc:2    | Bought a potion of might for 56 gold pieces
 24974 | Orc:2    | Bought a potion of ambrosia for 112 gold pieces
 24974 | Orc:2    | Bought a potion of lignification for 42 gold pieces
 25278 | D:12     | Noticed Nergalle
 25300 | D:12     | Killed Nergalle
 25329 | D:12     | Noticed Nessos
 25347 | D:12     | Killed Nessos
 25917 | D:12     | You fall into a shaft and drop 2 floors!
 25949 | D:14     | Identified the +5 trident "Z" {vamp, *Corrode rPois rN++
                  | Str+4}
 26119 | D:14     | Found a gate to the Vaults.
 26121 | D:14     | Noticed an ironbound preserver
 26122 | D:14     | Found the -2 hat of the Alchemist {rElec rPois rF+ rC+ rN+
                  | Will+ rMut rCorr}
 26130 | D:14     | Killed an ironbound preserver
 26131 | D:14     | Reached XP level 15. HP: 124/143 MP: 17/23
 26342 | D:14     | Identified the +4 trident "Dragonbane" {elec, rN+ Str-3}
 26516 | D:14     | Got the Papyrus of Translocational Shadows
 27307 | D:14     | Identified the +1 leather armour "Bajyr" {rN+}
 27545 | D:15     | Entered Level 15 of the Dungeon
 27607 | D:15     | Found a radiant altar of Vehumet.
 27689 | D:15     | Noticed Josephine
 27689 | D:15     | Noticed Jorgrun
 27705 | D:15     | HP: 1/144 [constriction (9)]
 27706 | D:15     | Noticed Rupert
 28236 | D:14     | Killed Jorgrun
 28421 | D:15     | Noticed Agnes
 28442 | D:15     | Killed Agnes
 28792 | D:15     | Killed Josephine
 28878 | D:15     | Noticed Louise
 28893 | D:15     | Killed Louise
 28981 | D:15     | Paralysed by Rupert for 5 turns
 29003 | D:15     | Found an opulent altar of Gozag.
 29039 | D:15     | Found a staircase to the Depths.
 29399 | D:13     | Found a portal to a secret trove of treasure.
 30253 | Snake:1  | Entered Level 1 of the Snake Pit
 31312 | Snake:1  | Reached XP level 16. HP: 122/152 MP: 11/25
 31563 | Snake:1  | Reached skill level 15 in Maces & Flails
 31613 | Snake:1  | Got the Almanac of the Boggart
 32908 | D:13     | You paid a toll of 4 scrolls of blinking to enter a
                  | treasure trove
 32909 | Trove    | Entered a treasure trove
 32916 | Trove    | Identified the +0 hat of Honesty {rC+++ Int-4 Dex+5}
 32929 | Trove    | Identified the +0 dire flail of Uskayaw's Regard {speed,
                  | MP+9 Str-2 Dex+4}
 32954 | Trove    | Identified the ring of Doors {Fire Fly rPois rCorr Int-5}
 33112 | Elf:1    | Entered Level 1 of the Elven Halls
 33314 | Shoals:1 | Entered Level 1 of the Shoals
 33621 | Snake:2  | Found a runed translucent door.
 33621 | Snake:2  | Found a shimmering altar of Xom.
 33621 | Snake:2  | Identified the +6 dire flail "Amplified's Doom" {chaos,
                  | +Blink rElec rN++ Will-}
 33621 | Snake:2  | Noticed Inetu's ghost (adept SpEn)
 34013 | Snake:2  | Found Aleamp's Book Boutique.
 34013 | Snake:2  | Found Selem's Jewellery Emporium.
 34015 | Snake:2  | Found Reotrach's Jewellery Emporium.
 34028 | Snake:2  | Bought the ring of Monotheism {rF+ rCorr Int+6 Dex-5
                  | Slay+2} for 695 gold pieces
 34670 | Snake:3  | Found Ryxawale's Antique Armour Shoppe.
 34682 | Snake:3  | Bought a pair of embroidered gloves for 232 gold pieces
 34682 | Snake:3  | Bought a pair of runed gloves for 232 gold pieces
 34682 | Snake:3  | Bought a masterwork ring mail for 279 gold pieces
 34682 | Snake:3  | Identified the +2 ring mail of the Gloaming {rF+ Regen+}
                  | (You bought it in a shop on level 3 of the Snake Pit)
 34826 | Snake:3  | Noticed Vashnia
 34937 | Snake:3  | Reached skill level 15 in Armour
 35053 | Snake:3  | Identified the serpent talisman "Sosideot" {rElec rF+ rCorr
                  | MP+9}
 35053 | Snake:3  | Noticed Aizul
 35211 | Snake:3  | Killed Aizul
 35222 | Snake:3  | Noticed Saint Roka
 35750 | Shoals:1 | Reached skill level 10 in Dodging
 36289 | Shoals:2 | Reached XP level 17. HP: 88/163 MP: 14/27
 36295 | Shoals:2 | Noticed Ilsuiw
 36295 | Shoals:2 | Noticed Kirke
 36304 | Shoals:2 | Noticed a kraken
 37620 | Elf:1    | Identified the +10 trident "Giag" {elec, rN++}
 38066 | Elf:1    | Noticed Frances
 38084 | Elf:1    | Killed Frances
 38362 | Elf:1    | Got the Tempter's Precepts of Forbidden Fruit
 38800 | Elf:2    | Reached skill level 15 in Invocations
 39185 | Elf:2    | Paralysed by an air elemental for 1 turns
 39192 | Elf:2    | Paralysed by an air elemental for 1 turns
 39856 | Elf:2    | Found a runed translucent gate.
 39856 | Elf:2    | Found a runed translucent gate.
 39858 | Elf:2    | Found a runed translucent gate.
 39929 | Elf:3    | Entered Level 3 of the Elven Halls
 40694 | Snake:2  | Killed Saint Roka
 41229 | Snake:4  | Entered Level 4 of the Snake Pit
 41343 | Snake:4  | Noticed Bai Suzhen
 41360 | Snake:4  | Killed Bai Suzhen
 41360 | Snake:4  | HP: 6/166 [spore (4)]
 41619 | Snake:3  | HP: 8/166 [poisoned by Vashnia (splash of poison)]
 41621 | Snake:3  | Killed Vashnia
 42437 | D:4      | Bought a potion of heal wounds for 60 gold pieces
 42437 | D:4      | Bought a potion of mutation for 96 gold pieces
 42585 | D:7      | Killed leebro123's ghost
 43116 | Shoals:2 | Identified the +1 scale mail of the Arena {Int+2}
 43442 | Shoals:2 | Reached skill level 10 in Shields
 43442 | Shoals:2 | Reached XP level 18. HP: 95/174 MP: 26/28
 43478 | Shoals:2 | Noticed Polyphemus
 43495 | Shoals:2 | Killed Polyphemus
 43678 | Shoals:2 | Killed Ilsuiw
 43767 | Shoals:3 | Found a bloodstained altar of Trog.
 44088 | Shoals:3 | Identified a scroll of acquirement
 44104 | Shoals:3 | Acquired the +1 kite shield of the Bagpipe {rC++}
 44375 | Shoals:4 | Entered Level 4 of the Shoals
 44623 | Shoals:4 | Noticed Mara
 44629 | Shoals:4 | Noticed Amplified's illusion
 44666 | Shoals:2 | Killed Kirke
 46062 | Snake:4  | Reached skill level 15 in Shields
 46133 | Snake:4  | Got a serpentine rune of Zot
 46520 | Vaults:1 | Entered Level 1 of the Vaults
 46779 | Vaults:1 | Noticed Donald
 46794 | Vaults:1 | Killed Donald
 47447 | Vaults:3 | Found Otielu's Antique Weapon Shop.
 47472 | Vaults:3 | Reached XP level 19. HP: 100/181 MP: 29/29
 47538 | Vaults:3 | Found Aginir's Armour Emporium.
 47677 | Vaults:3 | HP: 9/271 [orc warlord/+0 long sword (6)]
 47680 | Vaults:3 | The Shining One protects you from harm!
 47682 | Vaults:3 | HP: 1/271 [orc warlord/+0 long sword (6)]
 47685 | Vaults:3 | Slain by a dire elephant

Illustrated notes

Levels and vault maps discovered:
D:1:      psy_arrival_conway, layout_rooms, serial_shops, shop,
          minmay_pentomino_w2
D:2:      layout_basic, shapermc_ecumenical_altar_flowoftime, uniq_jessica,
          uniq_natasha
D:3:      layout_basic, grunt_ministairs_7
D:4:      layout_loops_corners, minmay_temple_entry_grid, serial_shops, shop,
          nicolae_shop_just_a_little_nook, nicolae_shop_rolled_up, shop,
          uniq_pikel
D:5:      layout_loops_corners, nzn_wu_jian_council_hall,
          nicolae_ossuary_entry_giza, minmay_diced_spiral
D:6:      layout_rooms, minmay_misc_feat_diagonals, uniq_menkaure
D:7:      layout_basic, gammafunk_ghost_necromancy, minmay_manual_maat
D:8:      layout_basic, kennysheep_generic_room_12
D:9:      layout_cave_pools, orc_0_dummy
D:10:     layout_irregular_city, uniq_erica
D:11:     layout_rooms, erik_lair_island, serial_curves, eino_curves_03,
          eino_curves_02
D:12:     layout_rooms, minmay_misc_feat_square, minivault_20, uniq_nergalle,
          uniq_nessos
D:13:     layout_cave_pools, nicolae_trove_entry_isolated
D:14:     layout_grid_maze, hellmonk_vaults_order_and_chaos, serial_glass,
          glass_columns_c, glass_columns_a, fountainhead
D:15:     hellmonk_depths_entry_around_the_bend, layout_cross,
          nicolae_gozag_seed_capital, nicolae_vehumet_radiance, uniq_agnes,
          uniq_josephine, uniq_rupert, uniq_jorgrun, uniq_louise
Lair:1:   layout_chaotic_city, beast_lair_carwin_3
Lair:2:   layout_long_grid, minmay_shoals_entry_centaurs, serial_bayou,
          serial_bayou_pond_d, serial_bayou_shore_a, serial_bayou_lagoon_a,
          serial_bayou_crossing, grunt_forest_large_clearings
Lair:3:   layout_gridlike, guppyfry_snake_entry_island, roderic_batcave
Lair:4:   cheibrodos_magma_flow, layout_cave_pods
Lair:5:   hangedman_lair_caniforms_friends, layout_cave_pods,
          guppyfry_lair_end_dragon, nicolae_slime_entry_slimehenge,
          mumra_transporter_accident, chequers_serial_rivers_micro_c
Shoals:1: layout_shoals, serial_shops, nicolae_shop_mannequins
Shoals:2: layout_shoals, nicolae_shoals_mertower, uniq_ilsuiw, uniq_polyphemus,
          uniq_kirke
Shoals:3: layout_shoals, lemuel_oklob_altar
Shoals:4: shoals_end_hellmonk_holy_island, uniq_mara
Snake:1:  layout_gridlike, serial_library_regret_index_headful
Snake:2:  layout_basic, ebering_ghost_xom, minmay_shop_grove
Snake:3:  layout_cave_town, portal_ice_cave_entry_ice_simulacra, serial_shops,
          nicolae_shop_hallway_plus, uniq_aizul, uniq_vashnia, uniq_saint_roka
Snake:4:  snake_pit, layout_layer_cave, grunt_ministairs_9, uniq_bai_suzhen
Orc:1:    layout_diamond_mine, basic_altar, regret_index_minedec_devilstone,
          mines1_david, uniq_fannar
Orc:2:    st_orc_town, layout_caves, nicolae_shop_clearance, uniq_erolcha
Elf:1:    eino_elf_arrival_sip, layout_loops_corners,
          kennysheep_underground_church, statue_in_the_mist_lemuel, pf_eden,
          uniq_frances
Elf:2:    nicolae_elf_blades_splatter_lattice [grunt_blade_entry_basic],
          layout_geoelf_grid
Elf:3:    elf_hall, layout_loops_cross, basic_altar
Vaults:1: nicolae_vaults_tetromino_T_2, grunt_vaults_diagonal, v_misc_10,
          v_misc_5, nicolae_vaults_closet_pinwheel_1,
          nicolae_vaults_trapezoid_2, nicolae_vaults_surprise_closet,
          nicolae_vaults_tetromino_T_2, vaults_room_door_hall,
          layout_vaults_omnigrid, uniq_donald
Vaults:2: infiniplex_enter_wizlab_glasses, nicolae_vaults_sightless_eye,
          minmay_crypt_entry_simple_sparse, dpeg_vaults_monster_row,
          hangedman_vaults_maws, hangedman_vaults_cutoff,
          ontoclasm_vaults_twist, nicolae_vaults_little_squares_1,
          nicolae_vaults_tangram_1, v_misc_33, gargoyle_guard,
          ontoclasm_vaults_pinch, nicolae_vaults_stepped_doors, v_misc_23,
          nicolae_vaults_apartment_1, v_misc_15, nicolae_vaults_two_Ls,
          vaults_mumra_lcd, layout_vaults_omnibox, serial_shops,
          nicolae_shop_bloodbath_and_beyond, uniq_margery
Vaults:3: vaults_room_ringed_pool, vaults_dpeg_ring,
          nicolae_vaults_more_shelving_1, nicolae_vaults_cochlea,
          nicolae_vaults_cochlea, nicolae_vaults_house_1, v_misc_11, v_misc_25,
          ontoclasm_vaults_fault, hangedman_vaults_slice,
          nicolae_vaults_windows_and_doors_thing, nicolae_vaults_wine_cellar,
          layout_vaults_big_room, serial_shops,
          nicolae_shop_tiny_real_fake_doors, shop, shop,
          nicolae_shop_rolling_square, nicolae_shop_back_alley_shop

Skill      XL: |  1  2  3  4  5  6  7  8  9 10 11 12 13 14 15 16 17 18 19 |
---------------+----------------------------------------------------------+-----
Fighting       | 1 2 3 4 6 7 9 10 12 13 14 15 16 17 18 | 18.8
Maces & Flails | 1 2 3 4 5 6 7 9 10 12 13 14 16 | 16.0
Invocations    | 1 3 4 5 6 8 9 11 12 13 14 15 | 15.7
Shields        | 2 4 6 10 17 18 | 18.1
Armour         | 5 8 10 11 13 15 | 15.7
Throwing       | 3 7 10 13 | 13.2
Dodging        | 3 6 8 9 10 12 | 12.0
Stealth        | |  1.5
Spellcasting   | |  1.3
Conjurations   | |  0.6
Alchemy        | |  2.1

Action                     |  1- 3 |  4- 6 |  7- 9 | 10-12 | 13-15 | 16-18 | 19-21 || total
---------------------------+-------+-------+-------+-------+-------+-------+-------++-------
  Melee: Club              |    52 |       |       |       |       |       |       ||    52
         Unarmed           |    10 |       |       |       |       |       |       ||    10
         Headbutt          |    14 |    24 |   106 |   269 |   568 |   573 |    44 ||  1598
         Whip              |    36 |   122 |   366 |   883 |  1515 |       |       ||  2922
         Punch             |       |     2 |       |       |       |       |       ||     2
         Eveningstar       |       |       |       |       |   222 |  1689 |   117 ||  2028
  Throw: Throwing net      |       |       |       |       |     1 |       |       ||     1
   Cast: Sting             |     1 |       |       |       |       |       |       ||     1
 Invoke: Divine Shield     |       |     2 |     1 |    14 |    26 |    26 |     3 ||    72
         Cleansing Flame   |       |       |       |     8 |    55 |    35 |     5 ||   103
  Evoke: Wand              |       |       |     3 |    14 |     7 |     1 |       ||    25
    Use: Scroll            |     4 |     2 |     7 |    18 |    12 |    26 |     1 ||    70
         Potion            |       |     2 |     2 |     5 |    19 |    32 |     9 ||    69
   Stab: Sleeping          |     4 |     1 |       |       |       |       |       ||     5
 Armour: Robe              |    24 |    51 |   158 |   427 |    38 |       |       ||   698
         Ring mail         |    30 |       |       |       |       |   538 |    89 ||   657
         Skin              |       |    14 |     8 |       |    40 |       |    67 ||   129
         Swamp dragon scal |       |       |       |       |   975 |   599 |       ||  1574
         Fire dragon scale |       |       |       |       |       |   178 |       ||   178
  Dodge: Dodged            |    58 |    46 |   143 |   297 |   623 |   752 |    56 ||  1975
  Block: Buckler           |       |       |    57 |   261 |   528 |   381 |       ||  1227
         Kite shield       |       |       |       |       |       |   610 |   243 ||   853

Table legend: (Time is in decaauts)
 A = Elapsed time spent in this place.
 B = Non-inter-level travel time spent in this place.
 C = Inter-level travel time spent in this place.
 D = Time resting spent in this place.
 E = Time spent auto-exploring this place.
 F = Levels seen in this place.
 G = Mean time per level.
                   A        B        C        D        E       F      G
               +--------+--------+--------+--------+--------+-----+--------+
         Total |  46329 |  41915 |   4414 |   7145 |  23317 |  38 | 1219.2 |
       Dungeon |  17084 |  14700 |   2384 |   1941 |   9404 |  15 | 1138.9 |
          Lair |  10887 |   9633 |   1254 |   1464 |   6375 |   5 | 2177.4 |
        Shoals |   2941 |   2853 |     88 |    878 |    181 |   4 |  735.2 |
     Snake Pit |   7741 |   7385 |    356 |   1640 |   3547 |   4 | 1935.2 |
  Orcish Mines |   3170 |   2968 |    202 |    736 |   1657 |   2 | 1585.0 |
   Elven Halls |   2952 |   2847 |    105 |    439 |   1912 |   3 |  984.0 |
        Vaults |   1079 |   1056 |     23 |      5 |    167 |   3 |  359.7 |
         Trove |     61 |     61 |      0 |      0 |      0 |   1 |   61.0 |
       Ossuary |    409 |    409 |      0 |     40 |     73 |   1 |  409.0 |
               +--------+--------+--------+--------+--------+-----+--------+

Top non-repeatable levels by time:
  Lair:5: 2955 daAuts
  Lair:4: 2718 daAuts
    D:14: 2586 daAuts
 Snake:2: 2191 daAuts
 Snake:1: 2060 daAuts
  Lair:2: 1960 daAuts
 Snake:3: 1948 daAuts
   Orc:2: 1873 daAuts
  Lair:1: 1721 daAuts
   Elf:1: 1558 daAuts
 Snake:4: 1542 daAuts
  Lair:3: 1531 daAuts
     D:2: 1492 daAuts
     D:4: 1426 daAuts
     D:5: 1302 daAuts
